 Dungeon Crawl Stone Soup version 0.21-a0-509-gecc5317 (webtiles) character file.

97 Laiders the Insei (level 4, -4/35 HPs)
             Began as a Draconian Transmuter on Dec 1, 2017.
             Slain by Grinder (7 damage)
             ... on level 3 of the Dungeon.
             The game lasted 00:03:30 (2167 turns).

Laiders the Insei (Draconian Transmuter)            Turns: 2167, Time: 00:03:31

Health: -4/35      AC:  2    Str: 15 (17) XL:     4   Next: 42%
Magic:  5/7        EV: 19    Int: 13 (14) God:
Gold:   157        SH:  0    Dex: 14 (17) Spells: 1/7 levels left

rFire    . . .     SeeInvis .     - Unarmed
rCold    . . .     Gourm    .   (shield currently unavailable)
rNeg     . . .     Faith    .   (armour unavailable)
rPois    x         Spirit   .   (helmet currently unavailable)
rElec    .         Reflect  .   (cloak currently unavailable)
rCorr    .         Harm     .   (gloves currently unavailable)
MR       .....                  (boots currently unavailable)
Stlth    +.........             (no amulet)
HPRegen  0.11/turn              (no ring)
MPRegen  0.10/turn              (no ring)

@: mighty, spider-form (expiring)
A: tiny, unfitting armour, AC +5
a: End Transformation


You were on level 3 of the Dungeon.
You were not hungry.
You were a venomous arachnid creature.
You visited 1 branch of the dungeon, and saw 3 of its levels.

You collected 157 gold pieces.

Inventory:

Missiles
 a - 34 arrows
Jewellery
 k - an uncursed ring of protection from fire {unknown}
Wands
 n - a wand of paralysis (19)
Scrolls
 d - a scroll of teleportation {unknown}
 e - a scroll of remove curse {unknown}
 g - a scroll of magic mapping {unknown}
 j - 2 scrolls of identify {unknown}
Potions
 h - a potion of invisibility {unknown}
 m - a potion of degeneration
 o - a potion of agility {unknown}
Books
 b - a book of Changes

   Spells                             Type                      Level
   a - Beastly Appendage              Transmutation                1
   b - Sticks to Snakes               Transmutation                2
   c - Spider Form                    Transmutation/Poison         3
   d - Ice Form                       Ice/Transmutation            4
   e - Blade Hands                    Transmutation                5
Comestibles
 c - 2 bread rations
 i - 2 meat rations
 l - 3 chunks of flesh


   Skills:
 - Level 1.1 Fighting
 - Level 1.7 Dodging
 + Level 4.2 Unarmed Combat
 - Level 2.0 Spellcasting
 + Level 3.6 Transmutations


You had one spell level left.
You knew the following spells:

 Your Spells              Type           Power        Failure   Level  Hunger
a - Beastly Appendage     Tmut           ##....       17%         1    ##.....
b - Sticks to Snakes      Tmut           ##......     22%         2    ###....
c - Spider Form           Tmut/Pois      #.........   58%         3    ####...


Dungeon Overview and Level Annotations

Branches:
Dungeon (3/15)

Altars:
Gozag
Hepliaklqana

Annotations:
D:3 Grinder


Innate Abilities, Weirdness & Mutations

((Your plain brown scales are hard. (AC +5)))
You cannot fit into any form of body armour.
((You are cold-blooded and may be slowed by cold attacks.))


Message History

Grinder hits you.
* * * LOW HITPOINT WARNING * * *
You writhe in agony.
* * * LOW HITPOINT WARNING * * *
Grinder gestures at you.
You barely resist.
Your transformation is almost over.
Grinder gestures at you.
You suddenly lose the ability to move!
Grinder gestures at you. Pain shoots through your body!
* * * LOW HITPOINT WARNING * * *
You can move again.
It was a potion of degeneration.
There was something very wrong with that liquid.
You feel weakened.
You feel dopey.
You feel clumsy.
It was a potion of might.
You feel very mighty all of a sudden. Grinder hits you!
You die...

#.#########....#.#.....#......
##'#............#.......###.###
..........####.#..###............
§.........# #...........####.###
..........###########....#.(.....
.........................#.......
..........##.......#.#####...._..
.................................
...............5s...............#
.......).†.......................
..####..........................#
#........##..................##
#........##..................#
#.........##..................#
#.............................#
........................
....##+##..... ....


You could see Grinder.

Vanquished Creatures
  An orc priest (D:3)
  An adder (D:2)
  4 leopard geckos
  3 orcs (D:3)
  4 giant cockroaches
  6 goblins
  3 hobgoblins
  3 jackals (D:1)
  6 kobolds
  3 quokkas
  8 bats
  3 frilled lizards
  4 rats
49 creatures vanquished.

Notes
Turn   | Place    | Note
-------+----------+-------------------------------------------
     0 | D:1      | Laiders the Draconian Transmuter began the quest for the Orb.
     0 | D:1      | Reached XP level 1. HP: 16/16 MP: 3/3
   370 | D:1      | Reached XP level 2. HP: 20/23 MP: 3/5
   922 | D:2      | Reached XP level 3. HP: 11/28 MP: 6/6
  1186 | D:2      | Found an opulent altar of Gozag.
  1359 | D:2      | Found a faded altar of an unknown god.
  1679 | D:3      | Reached skill level 4 in Unarmed Combat
  1679 | D:3      | Reached XP level 4. HP: 9/35 MP: 5/7
  1684 | D:3      | Learned a level 2 spell: Sticks to Snakes
  1688 | D:3      | Learned a level 3 spell: Spider Form
  1966 | D:3      | Found a hazy altar of Hepliaklqana.
  2138 | D:3      | Noticed Grinder
  2148 | D:3      | Paralysed by Grinder for 2 turns
  2163 | D:3      | Paralysed by Grinder for 3 turns
  2167 | D:3      | Slain by Grinder

Vault maps used:
D:1:      lightli_arrival_flooded_house
D:2:      overflow_temple_1_default, first_bread,
          chequers_ecumenical_altar_simple
D:3:      overflow_temple_1_default, okawaru_gym_becter, uniq_grinder,
          uniq_robin, uniq_natasha

Skill      XL: |  1  2  3 |
---------------+----------+-----
Transmutations | 3 |  3.6
Unarmed Combat | 4 |  4.2
Fighting       | |  1.1
Dodging        | |  1.7
Spellcasting   | |  2.0

Action                   |  1- 3 |  4- 6 || total
-------------------------+-------+-------++-------
Melee: Unarmed           |   154 |    32 ||   186
       Tailslap          |    12 |     3 ||    15
       Punch             |     1 |       ||     1
       Kick              |       |     1 ||     1
 Cast: Beastly Appendage |     5 |     1 ||     6
       Spider Form       |       |     1 ||     1
  Use: Potion            |       |     2 ||     2
  Eat: Chunk             |     3 |     1 ||     4
Armor: Skin              |    44 |    12 ||    56
Dodge: Dodged            |    88 |    27 ||   115

Table legend:
 A = Spawn XP
 B = Non-spawn XP
 C = Spawn XP percentage of total XP
 D = Spawn monster count
 E = Non-spawn monster count
 F = Spawn count percentage of total count
 G = Total turns spent on level
                    A         B        C        D         E        F      G
               +---------+---------+-------+---------+---------+-------+---------
         Total |       0 |     139 |   0.0 |       0 |      49 |   0.0 |  2167
               +---------+---------+-------+---------+---------+-------+---------
           D:1 |       0 |      36 |   0.0 |       0 |      20 |   0.0 |   906
           D:2 |       0 |      39 |   0.0 |       0 |      16 |   0.0 |   722
           D:3 |       0 |      64 |   0.0 |       0 |      13 |   0.0 |   539
               +---------+---------+-------+---------+---------+-------+---------
